 Dungeon Crawl Stone Soup version 0.19-a0-1882-gbb73ea0 (webtiles) character file.

21 dvd the Stinger (level 2, 0/17 HPs)
             Began as an Octopode Venom Mage on Oct 14, 2016.
             Slain by a kobold (3 damage)
             ... on level 1 of the Dungeon.
             The game lasted 00:01:26 (662 turns).

dvd the Stinger (Octopode Venom Mage)                Turns: 662, Time: 00:01:27

Health: 0/17       AC:  1    Str:  7    XL:     2   Next: 87%
Magic:  2/5        EV: 13    Int: 17    God:
Gold:   20         SH:  0    Dex: 12    Spells: 1 memorised, 4 levels left

rFire  . . .     SeeInvis .     (no weapon)
rCold  . . .     Gourm    .     (no shield)
rNeg   . . .     Faith    .     (helmet restricted)
rPois  .         Spirit   .     (no amulet)
rElec  .         Dismiss  .     (no ring)
rCorr  .         Reflect  .     (no ring)
MR     .....     Harm     .     (no ring)
Stlth  +++.......               (no ring)
                                (no ring)
                                (no ring)
                                (no ring)
                                (no ring)

@: very slightly contaminated
A: almost no armour, stealthy swim, amphibious, 8 rings, constrict 8, camouflage
1, gelatinous body 1
a: no special abilities


You were on level 1 of the Dungeon.
You were not hungry.

You visited 1 branch of the dungeon, and saw 1 of its levels.

You collected 20 gold pieces.

Inventory:

Scrolls
 c - a scroll of immolation {unknown}
 d - a scroll of fear {unknown}
Potions
 e - a potion of magic {unknown}
Books
 a - a Young Poisoner's Handbook

   Spells                             Type                      Level
   a - Sting                          Conjuration/Poison           1
   b - Mephitic Cloud                 Conjuration/Poison/Air       3
   c - Olgreb's Toxic Radiance        Poison                       4
   d - Alistair's Intoxication        Transmutation/Poison         5
   e - Venom Bolt                     Conjuration/Poison           5
Comestibles
 b - a bread ration


   Skills:
 + Level 2.2 Dodging
 + Level 2.9 Stealth
 + Level 2.1 Spellcasting
 + Level 5.4 Poison Magic


You had 4 spell levels left.
You knew the following spells:

 Your Spells              Type           Power        Failure   Level  Hunger
a - Sting                 Conj/Pois      ##..         10%         1    #......


Dungeon Overview and Level Annotations

Branches:
Dungeon (1/15)

Altars:


Innate Abilities, Weirdness & Mutations

You cannot wear most types of armour.
You are very stealthy in the water. (Stealth+)
You are amphibious.
You can wear up to eight rings at the same time.
You can use your tentacles to constrict eight enemies at once.
Your skin changes colour to match your surroundings (Stealth+).
Your rubbery body absorbs attacks. (AC +1, EV +1)


Message History

Confirm with . or Enter, or press ? or * to list all spells.
Aiming: Sting
Press: ? - help, Shift-Dir - straight line, f - kobold
Aim: a kobold You miscast Sting.
You are very lightly contaminated with residual magic.
Your skin glows momentarily.
The kobold misses you.
Casting: Sting
Confirm with . or Enter, or press ? or * to list all spells.
Aiming: Sting
Press: ? - help, Shift-Dir - straight line, f/p - kobold
Aim: a kobold The sting hits the kobold.
The kobold is severely wounded.
The kobold hits you.
* * * LOW HITPOINT WARNING * * *
There is a stone staircase leading down here.
All of the chunks of flesh in your inventory have rotted away.
The kobold hits you.
You die...

#. #. ## ###########
##.#.#.#.#.### #...K@.......#
##### ####>#K#.#.#.#.# #....
+..............# #....
#..#.#.#.#.#.#.# #....
#..............# #.... .
####.#)#.#.#.### #....
..##########............#####....
.††.........#.#.#.#.#.#.........(
..###...####...........###.#####.


You could see 2 kobolds.

Vanquished Creatures
  An ooze (D:1)
  3 goblins (D:1)
  2 hobgoblins (D:1)
  4 jackals (D:1)
  2 bats (D:1)
  A frilled lizard (D:1)
  3 kobolds (D:1)
  A rat (D:1)
17 creatures vanquished.

Notes
Turn   | Place    | Note
-------+----------+-------------------------------------------
     0 | D:1      | dvd the Octopode Venom Mage began the quest for the Orb.
     0 | D:1      | Reached XP level 1. HP: 11/11 MP: 3/3
    47 | D:1      | Reached skill level 5 in Poison Magic
   213 | D:1      | Reached XP level 2. HP: 12/17 MP: 5/5
   662 | D:1      | Slain by a kobold

Vault maps used:
D:1:      zelgadis_glass_arrival_small, st_stairs_10

Skill      XL: |  1 |
---------------+----+-----
Poison Magic   | 5 |  5.4
Dodging        | |  2.2
Stealth        | |  2.9
Spellcasting   | |  2.1

Action                   || total
-------------------------++-------
Melee: Unarmed           ||    34
       Tentacles         ||     4
       Constrict         ||     4
 Cast: Sting             ||    20
Armor: Skin              ||     3
Dodge: Dodged            ||    24
